 Dungeon Crawl Stone Soup version 0.20.1-1-g8b1a95d (webtiles) character file.

1699 Starchild the Jinx (level 9, -2/47 HPs)
             Began as a Kobold Arcane Marksman on Aug 2, 2017.
             Was an Initiate of Yredelemnul.
             Slain by a gnoll sergeant
             ... wielding a +0 spear
              (6 damage)
             ... on level 6 of the Dungeon.
             The game lasted 00:39:18 (8786 turns).

Starchild the Jinx (Kobold Arcane Marksman)         Turns: 8786, Time: 00:39:18

Health: -2/47      AC:  7    Str: 10    XL:     9   Next: 23%
Magic:  9/10       EV: 15    Int: 15    God:    Yredelemnul [......]
Gold:   263        SH:  0    Dex: 15    Spells: 0/10 levels left

rFire    . . .     SeeInvis .   l - +4 dagger
rCold    + . .     Gourm    .   (shield restricted)
rNeg     . . .     Faith    .   s - +1 robe {rC+}
rPois    .         Spirit   .   w - +0 helmet
rElec    .         Reflect  .   (no cloak)
rCorr    .         Harm     .   u - +0 pair of gloves
MR       .....                  p - +0 pair of boots
Stlth    +.........             (no amulet)
Regen    0.2/turn               (no ring)
MPRegen  0.2/turn               (no ring)

@: no status effects
A: icy blue scales 1, carnivore 3, deformed body, dopey 1, strong 1, wild magic
1
a: Renounce Religion


You were on level 6 of the Dungeon.
You worshipped Yredelemnul.
Yredelemnul was noncommittal.
You were not hungry.

You visited 2 branches of the dungeon, and saw 7 of its levels.

You collected 263 gold pieces.

Inventory:

Hand Weapons
 a - a +0 hand crossbow
 l - a +4 dagger (weapon)
Missiles
 d - 3 bolts
 i - 299 stones
 r - 9 tomahawks (quivered)
Armour
 p - a +0 pair of boots (worn)
 s - a +1 robe of cold resistance (worn)
 u - a +0 pair of gloves (worn)
 w - a +0 helmet (worn)
Magical Staves
 B - an uncursed staff of energy
Wands
 A - a wand of paralysis (0/24)
 D - a wand of enslavement (0/24)
Scrolls
 b - 4 scrolls of remove curse
 g - 2 scrolls of blinking {unknown}
 n - 8 scrolls of identify
 o - 2 scrolls of enchant armour {unknown}
 q - a scroll of teleportation {unknown}
 t - 2 scrolls of immolation {unknown}
 v - a scroll of fear {unknown}
 y - 2 scrolls of magic mapping {unknown}
Potions
 e - 3 potions of might {unknown}
 h - 2 potions of brilliance
 j - 2 potions of heal wounds
 m - 2 potions of magic
 x - a potion of ambrosia {unknown}
 z - a potion of lignification {unknown}
Books
 c - a book of Debilitation

   Spells                             Type                      Level
   a - Corona                         Hexes                        1
   b - Slow                           Hexes                        2
   c - Inner Flame                    Hexes/Fire                   3
   d - Portal Projectile              Hexes/Translocation          3
   e - Cause Fear                     Hexes                        4
   f - Leda's Liquefaction            Hexes/Earth                  4
Comestibles
 f - 2 meat rations
 k - 2 royal jellies


   Skills:
 - Level 1.1 Fighting
 - Level 6.2 Short Blades
 - Level 2.4 Crossbows
 - Level 2.4 Dodging
 - Level 1.1 Spellcasting
 - Level 10.0 Hexes
 + Level 3.0 Translocations


You couldn't memorise any spells.
You knew the following spells:

 Your Spells              Type           Power        Failure   Level  Hunger
a - Corona                Hex            #####..      1%          1    ##.....
b - Slow                  Hex            #####...     1%          2    ###....
c - Cause Fear            Hex            #####.....   7%          4    #####..
d - Portal Projectile     Hex/Tloc       ####..       8%          3    ####...


Dungeon Overview and Level Annotations

Branches:
Dungeon (6/15)             Temple (1/1) D:6

Altars:
Dithmenos
Elyvilon
Gozag
Hepliaklqana
Kikubaaqudgha
Makhleb
Okawaru
Qazlal
Ru
Trog
Uskayaw
Vehumet
Xom
Yredelemnul
Zin
The Shining One

Annotations:
D:5 Dowan, Duvessa, Edmund, Menkaure


Innate Abilities, Weirdness & Mutations

You are small and have problems with some larger weapons.
You are carnivorous and can eat meat at any time.
You are partially covered in icy blue scales. (AC +2)
Armour fits poorly on your strangely shaped body.
You are dopey. (Int -2)
Your muscles are strong. (Str +2)
Your spells are a little harder to cast, but a little more powerful.


Message History

The gnoll sergeant hits you with a spear!
* * * LOW HITPOINT WARNING * * *
You hit the gnoll sergeant but do no damage.
The gnoll sergeant is heavily wounded.
You hit the gnoll sergeant.
The gnoll sergeant is severely wounded.
The gnoll sergeant hits you with a spear!
* * * LOW HITPOINT WARNING * * *
You hit the gnoll sergeant but do no damage.
The gnoll sergeant is severely wounded.
You barely miss the gnoll sergeant.
The gnoll sergeant is severely wounded.
The gnoll sergeant closely misses you.
You barely miss the gnoll sergeant.
The gnoll sergeant is severely wounded.
You hit the gnoll sergeant.
The gnoll sergeant is almost dead.
The gnoll sergeant hits you with a spear.
You die...
Your body rises from the dead as a mindless zombie.

### ########## # #.##
###......... # ##..#
#...######## ##
#...#####.#.### #≈
##.#.#.g@......# #≈
###(.()..###..)..# #≈
######...(...## #.....#
##
##...#<..>###.####⌠.>.⌠#
#
#.........###...##.....#
#
....<..(...####..#..⌠..#
# _....g)....#
##.#.....# ### #
###........# #..###..#
#.# #
.A#...g...#######.# #.##
#.###


You could see a gnoll sergeant.

Vanquished Creatures
  Sigmund (D:2)
  7 ogres
  2 bullfrogs (D:6)
  A crimson imp (D:4)
  A bullfrog zombie (D:5)
  A hound (D:6)
  A jelly (D:6)
  4 orc priests
  An iguana (D:6)
  3 orc wizards
  5 worker ants
  A hound zombie (D:5)
  A howler monkey zombie (D:6)
  8 gnolls
  13 adders
  3 oozes
  An adder zombie (D:5)
  An adder skeleton (D:4)
  2 worms
  3 dart slugs
  4 leopard geckos
  11 orcs
  7 bats
  5 giant cockroaches
  10 goblins
  13 hobgoblins
  10 jackals
  A quokka (D:2)
  3 ball pythons
  5 frilled lizards
  7 kobolds
  6 rats
142 creatures vanquished.

Notes
Turn   | Place    | Note
-------+----------+-------------------------------------------
     0 | D:1      | Starchild the Kobold Arcane Marksman began the quest for the Orb.
     0 | D:1      | Reached XP level 1. HP: 12/12 MP: 2/2
   253 | D:1      | Reached XP level 2. HP: 13/16 MP: 3/3
   263 | D:1      | Learned a level 2 spell: Slow
   703 | D:1      | Reached skill level 4 in Hexes
   703 | D:1      | Reached XP level 3. HP: 20/20 MP: 4/4
  1475 | D:2      | Reached XP level 4. HP: 14/25 MP: 5/5
  1641 | D:2      | Reached skill level 5 in Hexes
  1737 | D:2      | Found a radiant altar of Vehumet.
  1905 | D:2      | Noticed Sigmund
  2184 | D:2      | Gained mutation: Your spells are a little harder to cast, but a little more powerful. [potion of mutation]
  2184 | D:2      | Gained mutation: Armour fits poorly on your strangely shaped body. [potion of mutation]
  2184 | D:2      | Gained mutation: You are frail. (-10% HP) [potion of mutation]
  2184 | D:2      | Gained mutation: Your muscles are strong. (Str +2) [potion of mutation]
  2188 | D:2      | Lost mutation: You are frail. (-10% HP) [potion of mutation]
  2188 | D:2      | Lost mutation: Your spells are a little harder to cast, but a little more powerful. [potion of mutation]
  2188 | D:2      | Gained mutation: You are partially covered in icy blue scales. (AC +2) [potion of mutation]
  2188 | D:2      | Gained mutation: You are dopey. (Int -2) [potion of mutation]
  2188 | D:2      | Gained mutation: Your spells are a little harder to cast, but a little more powerful. [potion of mutation]
  2327 | D:2      | Reached XP level 5. HP: 27/29 MP: 6/6
  2866 | D:2      | Killed Sigmund
  2866 | D:2      | Reached skill level 7 in Hexes
  2866 | D:2      | Reached XP level 6. HP: 25/34 MP: 4/7
  3122 | D:3      | Learned a level 4 spell: Cause Fear
  3470 | D:3      | Noticed an ogre
  3481 | D:3      | Killed an ogre
  3481 | D:3      | Reached XP level 7. HP: 24/38 MP: 5/8
  4337 | D:4      | Reached skill level 8 in Hexes
  4942 | D:4      | Reached XP level 8. HP: 17/43 MP: 9/9
  5187 | D:4      | Reached skill level 9 in Hexes
  5376 | D:5      | Entered Level 5 of the Dungeon
  6074 | D:5      | Reached skill level 10 in Hexes
  6231 | D:5      | Noticed Menkaure
  6612 | D:5      | Reached skill level 1 in Short Blades
  7209 | D:5      | Noticed Edmund
  7557 | D:6      | Found a glowing silver altar of Zin.
  7557 | D:6      | Found a shimmering altar of Xom.
  7557 | D:6      | Noticed an angel
  7705 | D:5      | Noticed Dowan
  7709 | D:5      | Noticed Duvessa
  7752 | D:6      | Reached skill level 5 in Short Blades
  7752 | D:6      | Reached XP level 9. HP: 32/47 MP: 8/10
  7813 | D:6      | Found a staircase to the Ecumenical Temple.
  7822 | Temple   | Entered the Ecumenical Temple
  8127 | Temple   | Became a worshipper of Yredelemnul the Dark
  8377 | D:6      | Learned a level 3 spell: Portal Projectile
  8448 | D:6      | Reached skill level 1 in Translocations
  8786 | D:6      | Slain by a gnoll sergeant

Skill      XL: |  1  2  3  4  5  6  7  8  9 |
---------------+----------------------------+-----
Hexes          | 4 5 7 8 10 | 10.0
Short Blades   | 5 6 |  6.2
Translocations | 3 |  3.0
Fighting       | |  1.1
Crossbows      | |  2.4
Dodging        | |  2.4
Spellcasting   | |  1.1

Action                   |  1- 3 |  4- 6 |  7- 9 || total
-------------------------+-------+-------+-------++-------
Melee: Club              |     8 |       |       ||     8
       Dagger            |    48 |   109 |   458 ||   615
 Fire: Hand crossbow     |    18 |    37 |    33 ||    88
Throw: Stone             |    15 |       |       ||    15
       Tomahawk          |       |       |     8 ||     8
 Cast: Slow              |       |     3 |    17 ||    20
       Corona            |       |     1 |     2 ||     3
       Cause Fear        |       |       |     5 ||     5
Evoke: Wand              |       |       |     4 ||     4
  Use: Potion            |       |     5 |     3 ||     8
       Scroll            |       |     2 |     2 ||     4
 Stab: Sleeping          |     1 |     1 |     4 ||     6
       Fleeing           |       |       |     1 ||     1
  Eat: Chunk             |     3 |     6 |    19 ||    28
       Royal jelly       |       |       |     1 ||     1
Armor: Robe              |     8 |    24 |    94 ||   126
Dodge: Dodged            |    46 |   112 |   293 ||   451
